 Dungeon Crawl Stone Soup version 0.14-a0-1576-gf4c5cb9 (webtiles) character file.

990 4tharraofdagon the Ruinous (level 7, -1/50 HPs)
             Began as a Demigod Fire Elementalist on Dec 21, 2013.
             Slain by a gnoll
             ... wielding a +2,+1 flail of crushing
              (3 damage)
             ... on Level 8 of the Dungeon.
             The game lasted 00:13:21 (1941 turns).

4tharraofdagon the Ruinous (DgFE)                   Turns: 1941, Time: 00:13:21

HP  -1/50        AC  4     Str 12      XL: 7   Next: 50%
MP  14/20        EV 11     Int 22      God:
Gold 90          SH  0     Dex 17      Spells:  4 memorised,  3 levels left

rFire  . . .     SeeInvis .     A - staff of wizardry (curse)
rCold  . . .     Clarity  .     e - +0 orc leather armour
rNeg   + . .     Conserve .     (no shield)
rPois  .         rCorr    .     (no helmet)
rElec  .         rRot     .     o - +0 cloak
SustAb . .       Spirit   .     (no gloves)
rMut   .         Warding  +     (no boots)
Saprov . . .     Stasis   .     p - amulet of warding
                                (no ring)
                                (no ring)

@: slightly resistant to hostile enchantments, fairly stealthy
A: no striking features
a: no special abilities


You were on level 8 of the Dungeon.
You were hungry.

You visited 1 branch of the dungeon, and saw 8 of its levels.

You collected 116 gold pieces.
You spent 26 gold pieces at shops.

Inventory:

Hand weapons
 d - a +0,+0 short sword
 i - a +1,+2 orcish dagger
 j - a -1,+0 orcish club of chaos
 k - a -1,+0 orcish club of chaos
 m - a +3,+2 dwarven dagger of speed
 v - a +3,+0 flail of crushing
 y - a cursed -3,-2 orcish trident
Armour
 a - a +0 robe
 e - a +0 orcish leather armour (worn)
 o - a +0 cloak (worn)
 u - a +2 orcish ring mail of cold resistance
Magical devices
 t - a wand of frost (10)
 D - a wand of digging (11)
Comestibles
 c - 3 bread rations
 z - a lemon
 B - 2 meat rations
 C - 2 chunks of worker ant flesh
Scrolls
 f - a scroll of identify
 l - 2 scrolls of amnesia {unknown}
 q - a scroll of random uselessness {unknown}
 s - a scroll of recharging {unknown}
 w - 2 scrolls of remove curse {unknown}
 x - a scroll of curse weapon {unknown}
 E - a scroll of fog {unknown}
Jewellery
 p - an amulet of warding (around neck)
Potions
 g - a potion of degeneration
 h - a potion of curing
 r - a potion of invisibility
Books
 b - a book of Flames

   Spells                             Type                      Level
   *Flame Tongue                      Conjuration/Fire             1
   Throw Flame                        Conjuration/Fire             2
   *Conjure Flame                     Conjuration/Fire             3
   Inner Flame                        Hexes/Fire                   3
   *Sticky Flame                      Conjuration/Fire             4
   Fireball                           Conjuration/Fire             5
 n - a book of the Tempests

   Spells                             Type                      Level
   *Static Discharge                  Conjuration/Air              3
   Lightning Bolt                     Conjuration/Air              5
   Fireball                           Conjuration/Fire             5
   Tornado                            Air                          9
   Shatter                            Earth                        9
Magical staves
 A - a cursed staff of wizardry (weapon)


   Skills:
 - Level 1.7 Dodging
 - Level 1.7 Stealth
 + Level 4.0 Spellcasting
 - Level 5.5 Conjurations
 - Level 3.7 Fire Magic
 * Level 3.1 Air Magic


You had 3 spell levels left.
You knew the following spells:

 Your Spells              Type           Power        Failure   Level  Hunger
a - Flame Tongue          Conj/Fire      ###..        1%          1    None
b - Conjure Flame         Conj/Fire      ###.....     2%          3    ###....
c - Sticky Flame          Conj/Fire      ###.....     6%          4    ####...
d - Static Discharge      Conj/Air       ###.....     2%          3    ###....


Dungeon Overview and Level Annotations

Branches:
Dungeon (8/16)
 Temple: D:4-7         Lair: D:8-11

Shops:
D:6 *


Message History

Casting: Flame Tongue
Confirm with . or Enter, or press ? or * to list all spells.
Aiming: Flame Tongue
Press: ? - help, Shift-Dir - straight line, f/p - gnoll
Aim: a gnoll, wielding a glowing flail (heavily wounded)
The flame misses the gnoll.
The flame hits the gnoll sergeant.
The gnoll sergeant appears unharmed.
The gnoll sergeant is heavily wounded.
The gnoll hits you with a glowing flail.
The gnoll sergeant hits you from afar with a halberd!
* * * LOW HITPOINT WARNING * * *
The gnoll misses you.
Unknown command.
The gnoll hits you from afar with a spear.
* * * LOW HITPOINT WARNING * * *
Unknown command.
There is a stone staircase leading up here.
The gnoll hits you with a glowing flail!
* * * LOW HITPOINT WARNING * * *
You die...

... ... #.......
####..#.... .
.....#.#$#.
####....#.#.#.#
..........#...
#..#......#.#.###.##
#..#..##..#........#
.........@....###.#
..........g........##
##.#......g.........#
.........g.........##
##.#.#.........###.#
.###.#.#..#...#..# .#
#.......#..#...#..# #
#...<.........#
#...#..#.#..#.#


You could see a gnoll sergeant and 2 gnolls.

Vanquished Creatures
  Edmund (D:6)
  2 ogres
  An orc warrior (D:6)
  2 centaurs
  Blork the orc (D:5)
  A troll skeleton (D:7)
  A hound (D:3)
  2 orc wizards
  A jelly (D:6)
  A worker ant (D:7)
  2 gnolls (D:8)
  An adder (D:7)
  An inept feature mimic (D:4)
  A worm (D:3)
  2 adder skeletons (D:4)
  2 giant eyeballs
  A giant gecko (D:8)
  11 orcs
  A giant cockroach (D:3)
  4 goblins
  5 hobgoblins
  4 kobolds
  3 quokkas
  7 bats
  A giant cockroach zombie (D:6)
  4 rats
63 creatures vanquished.

Notes
Turn   | Place    | Note
--------------------------------------------------------------
     0 | D:1      | 4tharraofdagon, the Demigod Fire Elementalist, began the quest for the Orb.
     0 | D:1      | Reached XP level 1. HP: 14/14 MP: 3/3
   116 | D:1      | Reached skill level 1 in Conjurations
   146 | D:1      | Reached skill level 3 in Fire Magic
   224 | D:2      | Reached XP level 2. HP: 10/20 MP: 2/4
   357 | D:3      | Reached XP level 3. HP: 9/26 MP: 1/8
   366 | D:3      | Learned a level 3 spell: Conjure Flame
   390 | D:3      | Found a shimmering altar of Xom.
   487 | D:4      | Found a shimmering altar of Xom.
   580 | D:4      | Paralysed by a giant eyeball for 4 turns
   589 | D:4      | Paralysed by a giant eyeball for 2 turns
   637 | D:4      | Found a burning altar of Makhleb.
   759 | D:5      | Entered Level 5 of the Dungeon
   759 | D:5      | Noticed Blork the orc
   768 | D:5      | Killed Blork the orc
   768 | D:5      | Reached XP level 4. HP: 11/33 MP: 0/11
   838 | D:5      | Learned a level 4 spell: Sticky Flame
   891 | D:5      | Reached XP level 5. HP: 17/38 MP: 1/12
   959 | D:5      | Noticed an ogre
  1044 | D:5      | Noticed a centaur
  1056 | D:5      | Killed a centaur
  1113 | D:5      | Found a radiant altar of Vehumet.
  1148 | D:5      | Killed an ogre
  1148 | D:5      | Reached skill level 4 in Conjurations
  1148 | D:5      | Reached XP level 6. HP: 17/45 MP: 4/17
  1153 | D:5      | Learned a level 3 spell: Static Discharge
  1237 | D:6      | Noticed Edmund
  1241 | D:6      | Killed Edmund
  1241 | D:6      | Reached skill level 1 in Air Magic
  1253 | D:6      | Reached skill level 5 in Conjurations
  1299 | D:6      | Found Kuomm's Assorted Antiques.
  1307 | D:6      | Bought a scroll labeled CIAFAESTRAU for 26 gold pieces
  1329 | D:6      | Reached XP level 7. HP: 28/50 MP: 5/19
  1395 | D:6      | Paralysed by a giant eyeball for 3 turns
  1941 | D:8      | HP: 2/50 [gnoll/glowing flail (8)]
  1941 | D:8      | Slain by a gnoll

Action                   |  1- 3 |  4- 6 |  7- 9 || total
-------------------------+-------+-------+-------++-------
Melee: Unarmed           |     4 |       |       ||     4
       Short sword       |    29 |       |       ||    29
       Club              |     7 |     5 |       ||    12
       Dagger            |     7 |       |       ||     7
       Flail             |       |       |    13 ||    13
       Staff             |       |       |     2 ||     2
 Cast: Flame Tongue      |    47 |    40 |    36 ||   123
       Conjure Flame     |       |     2 |     2 ||     4
       Sticky Flame      |       |     3 |     4 ||     7
Evoke: Wand              |       |       |     3 ||     3
  Use: Potion            |     2 |       |       ||     2
       Scroll            |       |     2 |     1 ||     3
 Stab: Sleeping          |     1 |       |       ||     1
